AoeStats
← mandalvarado

Arena

509701755Analyzed
1v1 RM · 6d ago on Sep 27, 2026· 39m 51s· 2 players
Game mode
Random Map
Map size
Tiny (2 player)
Population
200
Speed
Normal
Resources
Standard
Victory
Conquest
Starting age
Dark Age
Ending age
Imperial Age
RankedLock teamsTeams togetherTeam positionsShared explorationLock speedFull tech treeHidden civsTurbo modeCheats
Victory
Defeat
🇨🇳 Burgundians · China
955
+15
🇨🇷 Inca · Costa Rica
935
-15
mandalvarado
1:54 Loom
10:49 Feudal Age
11:25 Double-Bit Axe
18:26 Castle Age
17:46 Stone Mining
17:41 Horse Collar
28:55 Imperial Age
27:45 Forging
28:06 Heavy Plow
28:12 Gold Mining
29:19 Wheelbarrow
30:25 Iron Casting
30:11 Capped Ram
32:59 Siege Ram
33:33 Pikeman
34:14 Squires
35:14 Hand Cart
34:55 Elite Kamayuk
35:41 Fabric Shields
35:43 Elite Skirmisher
36:29 Fletching
37:40 Blast Furnace
37:46 Blast Furnace
37:32 Halberdier
37:33 Champi Runner
38:26 Champi Warrior
39:35 Bodkin Arrow
F22KillSu57
4:54 Double-Bit Axe
8:14 Gold Mining
8:23 Horse Collar
11:58 Feudal Age
16:05 Castle Age
14:51 Bow Saw
14:50 Heavy Plow
18:36 Wheelbarrow
19:31 Fervor
21:32 Hand Cart
24:12 Two-Man Saw
24:33 Crop Rotation
24:38 Loom
25:02 Treadmill Crane
25:17 Town Watch
28:29 Imperial Age
26:22 Stone Mining
27:04 Guilds
27:30 Gold Shaft Mining
28:15 Padded Archer Armor
28:06 Fletching
28:45 Herbal Medicine
28:51 Devotion
28:16 Man-at-Arms
28:56 Squires
29:15 Leather Archer Armor
29:10 Forging
29:01 Scale Mail Armor
29:23 Ballistics
29:13 Masonry
29:14 Fortified Wall
30:13 Chemistry
29:44 Conscription
30:13 Burgundian Vineyards
29:32 Long Swordsman
29:58 Arson
30:26 Scale Barding Armor
30:56 Iron Casting
30:54 Husbandry
30:25 Elite Coustillier
31:25 Fortified Wall
32:58 Blast Furnace
32:19 Chain Barding Armor
32:08 Two-Handed Swordsman
33:46 Champion
34:44 Chain Mail Armor
34:24 Bodkin Arrow
35:55 Plate Mail Armor
35:26 Bracer
35:51 Pikeman
37:26 Plate Barding Armor
37:58 Stone Shaft Mining
37:46 Light Cavalry
38:29 Halberdier
Connection lost

Rejoining the realm…

Still unreachable

The connection could not be restored.

Session expired

The server has moved on; the page needs a fresh start.